 Dungeon Crawl Stone Soup version 0.32-a0-17-gb74e046682 (webtiles) character file.

Game seed: 9647467338937853919

494 ryw the Ducker (level 6, 0/48 HPs)
             Began as a Demonspawn Monk on Jan 15, 2024.
             Slain by an ice beast (3 damage)
             ... on level 5 of the Dungeon.
             The game lasted 00:06:59 (4568 turns).

ryw the Ducker (Demonspawn Monk)                    Turns: 4568, Time: 00:07:00

Health: 0/48       AC:  8    Str: 12    XL:     6   Next: 92%
Magic:  6/6        EV: 14    Int: 12    God:
Gold:   205        SH:  0    Dex: 15    Spells: 5/5 levels left

rFire   . . .        C - +4 falchion
rCold   . . .        c - orb {light}
rNeg    + . .        a - +0 robe
rPois   .            l - +2 helmet
rElec   .            (no cloak)
rCorr   .            i - +0 pair of gloves
SInv    .            (no boots)
Will    .....        (no amulet)
Stlth   +            m - ring of positive energy
HPRegen 0.28/turn    (no ring)
MPRegen 0.20/turn

%: no passive effects
@: glowing
A: thin metallic scales 1, magic regeneration
a: no special abilities


You were on level 5 of the Dungeon.
You visited 1 branch of the dungeon, and saw 5 of its levels.

You collected 205 gold pieces.

Inventory:

Hand Weapons
 u - a +2 short sword of flaming
 B - a +2 whip of electrocution
 C - a +4 falchion (weapon)
Missiles
 j - 6 boomerangs (quivered)
 D - a throwing net
Armour
 a - a +0 robe (worn)
 c - an orb of light (worn)
 i - a +0 pair of gloves (worn)
 l - a +2 helmet (worn)
Jewellery
 m - a ring of positive energy (left hand)
Wands
 y - a wand of flame (22)
 F - a wand of mindburst (10)
Scrolls
 d - a scroll of teleportation {unknown}
 e - 2 scrolls of vulnerability {unknown}
 f - a scroll of brand weapon {unknown}
 g - 3 scrolls of enchant weapon {unknown}
 h - a scroll of poison {unknown}
 k - 2 scrolls of amnesia {unknown}
 n - a scroll of enchant armour {unknown}
 q - 2 scrolls of identify {unknown}
 s - 3 scrolls of blinking {unknown}
 t - a scroll of fear {unknown}
 v - a scroll of fog {unknown}
Potions
 b - a potion of ambrosia
 o - a potion of invisibility {unknown}
 p - a potion of magic {unknown}
 r - 2 potions of enlightenment {unknown}
 w - a potion of berserk rage {unknown}
 x - 2 potions of heal wounds
 z - a potion of mutation {unknown}
 A - a potion of curing
 E - a potion of haste {unknown}


   Skills:
 + Level 4.0 Fighting
 - Level 3.0 Short Blades
 + Level 5.9 Dodging
 - Level 2.6 Unarmed Combat


You had 5 spell levels left.
You didn't know any spells.
Your spell library contained the following spells:

 Spells                   Type           Power      Damage    Failure   Level
 Magic Dart               Conj           0%         1d3       32%         1
 Blink                    Tloc           0%         N/A       45%         2
 Call Imp                 Summ           0%         N/A       45%         2


Dungeon Overview and Level Annotations

Branches:
Dungeon (5/15)
 Temple: D:4-7

Altars:

Shops:
D:2 :

Annotations:
D:2 Jessica


Innate Abilities, Weirdness & Mutations

You are partially covered in thin metallic scales. (AC +2)
You regenerate magic rapidly.


Message History

You now have 205 gold pieces (gained 14).
Found 3 stones.
Found an escape hatch in the floor.
No target in view!
F - a wand of mindburst (10)
Found a stone staircase leading down.
An ice beast comes into view.
You hit the ice beast but do no damage. The ice beast closely misses you.
The ice beast hits you but does no damage.
You hit the ice beast.
The ice beast is lightly wounded.
The ice beast closely misses you.
You hit the ice beast.
The ice beast is moderately wounded.
The ice beast misses you.
You barely miss the ice beast.
The ice beast is lightly wounded.
The ice beast hits you. The ice beast freezes you!
You hit the ice beast but do no damage.
The ice beast is lightly wounded.
The ice beast closely misses you.
You hit the ice beast but do no damage.
The ice beast is lightly wounded.
The ice beast barely misses you. The ice beast closely misses you.
You barely miss the ice beast.
The ice beast is lightly wounded.
The ice beast hits you. The ice beast freezes you!
You are too injured to fight recklessly!
You are too injured to fight recklessly!
You completely miss the ice beast.
The ice beast is lightly wounded.
The ice beast barely misses you.
You hit the ice beast.
The ice beast is moderately wounded.
The ice beast hits you. The ice beast freezes you!
* * * LOW HITPOINT WARNING * * *
You hit the ice beast.
The ice beast is moderately wounded.
The ice beast hits you.
You die...

.. #.# ... #.#
#.# #.### #.#
#>..# ## #.#
#...# .
#.######...# .#
#.#........##.#
#...####...#..#
#..## ####@.#
##.## #Y##
##..# #.#
####...# ..#
.......# ###
.####.## .# #.#
.# #.#
.####.###..#


You could see an ice beast.

Vanquished Creatures
  An ogre (D:4)
  A wight (D:4)
  3 hounds
  A jelly (D:5)
  A sleepcap (D:4)
  Terence (D:3)
  Natasha (thrice) (D:4)
  An adder (D:4)
  2 ufetubi (D:5)
  2 ribbon worms
  A dart slug (D:2)
  7 orcs
  8 endoplasms
  5 giant cockroaches
  4 goblins
  11 hobgoblins
  8 kobolds
  2 quokkas (D:2)
  5 ball pythons
  7 bats
  3 frilled lizards
  5 rats
82 creatures vanquished.

Notes
Turn   | Place    | Note
-------+----------+-------------------------------------------
     0 | D:1      | ryw the Demonspawn Monk began the quest for the Orb.
     0 | D:1      | Reached XP level 1. HP: 18/18 MP: 1/1
    73 | D:1      | Reached skill level 3 in Dodging
   194 | D:1      | Gained mutation: You regenerate magic rapidly. [demonic
                  | ancestry]
   194 | D:1      | Reached XP level 2. HP: 24/24 MP: 2/2
  1018 | D:2      | Reached XP level 3. HP: 29/29 MP: 3/3
  1246 | D:2      | Reached skill level 4 in Dodging
  1254 | D:2      | Found Ciazusk's Book Shoppe.
  1417 | D:2      | Noticed Jessica
  1908 | D:3      | Noticed Terence
  2292 | D:4      | Noticed Natasha
  2308 | D:4      | Killed Natasha
  2309 | D:4      | Gained mutation: You are partially covered in thin metallic
                  | scales. (AC +2) [demonic ancestry]
  2309 | D:4      | Reached XP level 4. HP: 16/35 MP: 4/4
  2342 | D:4      | Noticed Natasha
  2409 | D:4      | Killed Natasha
  2410 | D:4      | Reached skill level 5 in Dodging
  2531 | D:4      | Reached XP level 5. HP: 37/41 MP: 5/5
  2840 | D:4      | Noticed an ogre
  2850 | D:4      | Killed an ogre
  2851 | D:4      | Reached skill level 1 in Short Blades
  2901 | D:4      | Reached XP level 6. HP: 27/47 MP: 6/6
  2977 | D:4      | Noticed Natasha
  2983 | D:4      | Killed Natasha
  4018 | D:3      | Killed Terence
  4075 | D:5      | Entered Level 5 of the Dungeon
  4557 | D:5      | Noticed an ice beast
  4568 | D:5      | Slain by an ice beast

Illustrated notes

Levels and vault maps discovered:
D:1:      amcnicky_arrival_gap_in_the_tavern_cellar, layout_loops_ring
D:2:      layout_loops_ring, serial_shops, nicolae_book_shop_shelving,
          supply_closet_lemuel, uniq_jessica
D:3:      layout_loops_cross, hangedman_decor_clover_reticule, uniq_terence
D:4:      nicolae_cairo_tiling_large, layout_basic, uniq_natasha
D:5:      layout_rooms

Skill      XL: |  1  2  3  4  5  6 |
---------------+-------------------+-----
Dodging        | 3 4 5 |  5.9
Short Blades   | 1 3 |  3.0
Fighting       | 4 |  4.0
Unarmed Combat | |  2.6

Action                     |  1- 3 |  4- 6 || total
---------------------------+-------+-------++-------
  Melee: Unarmed           |   198 |    35 ||   233
         Short sword       |       |   101 ||   101
         Falchion          |       |    26 ||    26
    Use: Potion            |     3 |       ||     3
 Armour: Robe              |    95 |    83 ||   178
         Skin              |     1 |       ||     1
  Dodge: Dodged            |   129 |    99 ||   228

Table legend: (Time is in decaauts)
 A = Elapsed time spent in this place.
 B = Non-inter-level travel time spent in this place.
 C = Inter-level travel time spent in this place.
 D = Time resting spent in this place.
 E = Time spent auto-exploring this place.
 F = Levels seen in this place.
 G = Mean time per level.
                   A        B        C        D        E       F      G
               +--------+--------+--------+--------+--------+-----+--------+
         Total |   4551 |   4136 |    415 |    711 |   2558 |   5 |  910.2 |
       Dungeon |   4551 |   4136 |    415 |    711 |   2558 |   5 |  910.2 |
               +--------+--------+--------+--------+--------+-----+--------+

Top non-repeatable levels by time:
     D:4: 1379 daAuts
     D:2: 1134 daAuts
     D:3: 854 daAuts
     D:1: 824 daAuts
     D:5: 357 daAuts
